 Dungeon Crawl Stone Soup version 0.32-a0-576-g706899e69d (webtiles) character file.

Game seed: 11255491797408378360

66 BeKind the Shield-Bearer (level 4, -1/31 HPs)
             Began as an Octopode Fighter on Mar 2, 2024.
             Was a High Priest of Ignis.
             Constricted to death by a ball python (2 damage)
             ... on level 4 of the Dungeon.
             The game lasted 00:02:34 (3348 turns).

BeKind the Shield-Bearer (Octopode Fighter)         Turns: 3348, Time: 00:02:35

Health: -1/31      AC:  1    Str: 17    XL:     4   Next: 15%
Magic:  4/4        EV:  3    Int: 10    God:    Ignis [*****.]
Gold:   172        SH:  4    Dex: 11    Spells: 3/3 levels left

rFire   + . .        a - +0 trident
rCold   . . .        b - +0 buckler
rNeg    . . .        (helmet restricted)
rPois   .            (no amulet)
rElec   .            (no ring)
rCorr   .            (no ring)
SInv    .            (no ring)
Will    .....        (no ring)
Stlth   ++           (no ring)
HPRegen 0.25/turn    (no ring)
MPRegen 0.09/turn    (no ring)
                     (no ring)

%: no passive effects
@: mighty, lethally poisoned (-1 -> -21), slowed, constricted, very slow
A: almost no armour, amphibious, 8 rings, camouflage 1, gelatinous body 1,
(nimble swimmer 1), tentacles
a: Renounce Religion, Fiery Armour, Foxfire Swarm, Rising Flame


You were on level 4 of the Dungeon.
You worshipped Ignis.
Ignis was extremely pleased with you.
You visited 1 branch of the dungeon, and saw 4 of its levels.

You collected 172 gold pieces.

Inventory:

Hand Weapons
 a - a +0 trident (weapon)
Armour
 b - a +0 buckler (worn)
Scrolls
 d - 2 scrolls of fog
 e - a scroll of revelation {unknown}
 h - a scroll of fear {unknown}
 k - a scroll of blinking {unknown}
 l - a scroll of teleportation
 n - a scroll of amnesia
 o - a scroll of poison {unknown}
Potions
 f - 4 potions of curing {unknown}
 g - 3 potions of brilliance {unknown}
 i - a potion of resistance {unknown}
 j - a potion of mutation {unknown}
 m - a potion of haste {unknown}
 p - a potion of invisibility {unknown}


   Skills:
 + Level 3.4 Fighting
 + Level 2.7 Polearms
 + Level 3.5 Dodging
 + Level 3.6 Shields


You had 3 spell levels left.
You didn't know any spells.
Your spell library contained the following spells:

 Spells                   Type           Power      Damage    Failure   Level
 Stone Arrow              Conj/Erth      0%         3d7       82%         3
 Lehudib's Crystal Spear  Conj/Erth      0%         10d2      100%        8
 Animate Armour           Summ/Erth      Unusable   N/A       N/A         4

Dungeon Overview and Level Annotations

Branches:
Dungeon (4/15)
 Temple: D:4-7

Altars:
Okawaru
Ignis

Shops:
D:1 :


Innate Abilities, Weirdness & Mutations

You cannot wear most types of armour.
You are amphibious.
You can wear up to eight rings at the same time.
Your skin changes colour to match your surroundings (Stealth+).
Your rubbery body absorbs attacks. (AC +1, EV +1)
((You are camouflaged when in or above water. (Stealth+)))
You have tentacles for arms and can constrict up to eight enemies at once.


Message History

No target in view!
A quokka is nearby!
A quokka is nearby!
A hornet comes into view.
The ball python hisses angrily.
You hit the quokka. Your grab misses the quokka.
The quokka is moderately wounded.
The hornet buzzes angrily.
You block the quokka's attack.
You hit the quokka but do no damage. You grab the quokka.
The quokka is moderately wounded.
You constrict the quokka.
You kill the quokka!
You miss the hornet. Your grab misses the hornet.
The hornet closely misses you. The hornet stings you!
You feel yourself slow down.
There are monsters nearby!
You feel very mighty all of a sudden.
You feel yourself speed up. The hornet barely misses you. x2
You puncture the hornet! You grab the hornet.
The hornet is moderately wounded.
You constrict the hornet. You block the hornet's attack.
The ball python barely misses you. The hornet stings you.
You are lethally poisoned!
You feel yourself slow down. The ball python barely misses you.
The ball python grabs you. The ball python constricts you.
You barely miss the hornet.
The hornet is moderately wounded.
You feel yourself speed up.
You constrict the hornet.
* * * LOW HITPOINT WARNING * * *
You feel very sick. The hornet stings you.
* * * LOW HITPOINT WARNING * * *
You are more poisoned.
You feel yourself slow down. The ball python bites you.
* * * LOW HITPOINT WARNING * * *
The ball python constricts you.
You die...
Ignis goes out, and joins you in death.

#... .. . #.
.#..#.# ......#.
# .#.... #.
..#.#########
#.##.#.#.......#
#...Sy.#.......#
#....@.#.......#
#.##.#.#.......#
# #.#.#.......#
#. #.#.#.......#
#.##.#.#.......#
#......####<####
#......####.#
##.#........#
#.##...#####


You could see a hornet and a ball python.

Vanquished Creatures
  An adder (D:3)
  2 dart slugs
  A ribbon worm (D:3)
  An orc (D:3)
  2 endoplasms
  4 giant cockroaches
  3 hobgoblins
  7 quokkas
  4 ball pythons
  4 bats (D:1)
  10 frilled lizards
  3 goblins
  5 kobolds
  A rat (D:3)
48 creatures vanquished.

Notes
Turn   | Place    | Note
-------+----------+-------------------------------------------
     0 | D:1      | BeKind the Octopode Fighter began the quest for the Orb.
     0 | D:1      | Reached XP level 1. HP: 16/16 MP: 1/1
   232 | D:1      | Reached XP level 2. HP: 15/21 MP: 2/2
   248 | D:1      | Found a faded altar of an unknown god.
   263 | D:1      | Prayed at the altar of an unknown god.
   263 | D:1      | Became a worshipper of Ignis, the Dying Flame
   550 | D:1      | Found Uhaih's Book Shop.
  1353 | D:2      | Reached XP level 3. HP: 26/26 MP: 3/3
  1672 | D:2      | Found an iron altar of Okawaru.
  2725 | D:3      | Reached XP level 4. HP: 26/31 MP: 4/4
  3342 | D:4      | Noticed a hornet
  3348 | D:4      | HP: 1/31 [ball python (3)]
  3348 | D:4      | Constricted to death by a ball python

Illustrated notes

Levels and vault maps discovered:
D:1:      wheals_arrival_linesprint, layout_loops_corners, serial_shops, shop,
          ebering_ecumenical_altar_abandoned, minmay_lizard_pond
D:2:      layout_basic, basic_altar
D:3:      layout_basic
D:4:      layout_loops_cross, xom_confusion_cloud, serial_shops, shop_statue

Action                     |  1- 3 |  4- 6 || total
---------------------------+-------+-------++-------
  Melee: Trident           |    77 |    12 ||    89
         Tentacles         |    13 |     2 ||    15
         Constrict         |    18 |     3 ||    21
    Use: Scroll            |       |     3 ||     3
         Potion            |       |     1 ||     1
   Stab: Sleeping          |    11 |     2 ||    13
         Distracted        |     1 |     1 ||     2
 Armour: Skin              |    12 |     7 ||    19
  Dodge: Dodged            |    37 |     6 ||    43
  Block: Buckler           |     8 |     2 ||    10

Table legend: (Time is in decaauts)
 A = Elapsed time spent in this place.
 B = Non-inter-level travel time spent in this place.
 C = Inter-level travel time spent in this place.
 D = Time resting spent in this place.
 E = Time spent auto-exploring this place.
 F = Levels seen in this place.
 G = Mean time per level.
                   A        B        C        D        E       F      G
               +--------+--------+--------+--------+--------+-----+--------+
         Total |   3365 |   2990 |    375 |      0 |   2695 |   4 |  841.2 |
       Dungeon |   3365 |   2990 |    375 |      0 |   2695 |   4 |  841.2 |
               +--------+--------+--------+--------+--------+-----+--------+

Top non-repeatable levels by time:
     D:1: 1127 daAuts
     D:3: 1102 daAuts
     D:2: 1096 daAuts
     D:4: 39 daAuts
